Login

Calgary Flames vs Edmonton Oilers (R3)

Created - 25 March 2024 at 23:13

Goals
1 2 3 T
Calgary Flames 2 1 2 5
Edmonton Oilers 1 3 3 7
Shots
1 2 3 T
Calgary Flames 13 10 12 35
Edmonton Oilers 9 13 14 36

GoalsPenalties
1st period
1. Calgary Flames , Jonathan Huberdeau 5 (Elias Lindholm 9) at 4:20
2. Edmonton Oilers , Derek Ryan 2 (Mattias Ekholm 4, Ryan Nugent-Hopkins 4) at 8:19
3. Calgary Flames , Yegor Sharangovich 3 (Jonathan Huberdeau 11, Elias Lindholm 10) at 17:57 (PP)
Brett Kulak (EDM) for Tripping (Minor) at 17:45
2nd period
4. Edmonton Oilers , Warren Foegele 3 (Ryan Nugent-Hopkins 5, Derek Ryan 2) at 7:49
5. Edmonton Oilers , Mattias Janmark 1 (Ryan Nugent-Hopkins 6, Zach Hyman 4) at 12:00 (PP)
6. Edmonton Oilers , Zach Hyman 3 (Ryan Nugent-Hopkins 7, Mattias Janmark 2) at 13:46 (PP)
7. Calgary Flames , Mikael Backlund 3 (Nikita Zadorov 3) at 15:24 (PP)
Nikita Zadorov (CGY) for Hooking (Minor) at 0:32
Rasmus Andersson (CGY) for Hooking (Minor) at 4:37
Derek Ryan (EDM) for Slashing (Minor) at 8:55
A.J. Greer (CGY) for Tripping (Minor) at 11:16
Dillon Dube (CGY) for Hooking (Minor) at 13:08
Darnell Nurse (EDM) for Holding (Minor) at 14:10
Evan Bouchard (EDM) for Slashing (Minor) at 15:09
Dennis Gilbert (CGY) for Tripping (Minor) at 17:21
3rd period
8. Calgary Flames , Blake Coleman 3 (Chris Tanev 1, Nikita Zadorov 4) at 2:28
9. Edmonton Oilers , Zach Hyman 4 (Ryan Nugent-Hopkins 8, Cody Ceci 1) at 10:23
10. Edmonton Oilers , Sam Gagner 1 (Connor McDavid 6, Brett Kulak 1) at 13:37
11. Calgary Flames , Chris Tanev 1 (Dillon Dube 3, Andrew Mangiapane 4) at 16:38
12. Edmonton Oilers , Warren Foegele 4 (Cody Ceci 2, Evan Bouchard 5) at 17:26
Darnell Nurse (EDM) for Elbowing (Minor) at 3:23
Nikita Zadorov (CGY) for Interference (Minor) at 4:29
Evan Bouchard (EDM) for Slashing (Minor) at 7:57
Mattias Janmark (EDM) for Holding (Minor) at 14:26
MacKenzie Weegar (CGY) for Tripping (Minor) at 18:15
Goalie Stats
Jacob Markstrom (CGY), 15 saves from 19 shots - (0.789), 33:46 minutes
Dan Vladar (CGY), 14 saves from 17 shots - (0.824), L, 0-2-0, 26:14 minutes
Jack Campbell (EDM), 30 saves from 35 shots - (0.857), W, 1-0-0, 60:00 minutes
3 StarsOfficial
1 - Ryan Nugent-Hopkins (EDM)
2 - Warren Foegele (EDM)
3 - Zach Hyman (EDM)
Referees : Tim Peel and Jon McIsaac
Linesman : Kory Nagy and Scott Cherrey
Game Note
Dan Vladar enters game at 13:46 of 2nd period
Finance
Level 1 -- Attendance: 5446 (90.77%) -- Ticket Income $544,600
Level 2 -- Attendance: 4410 (88.20%) -- Ticket Income $264,600
Level 3 -- Attendance: 1675 (83.75%) -- Ticket Income $58,625
Level 4 -- Attendance: 4000 (100.00%) -- Ticket Income $100,000
Luxury Box -- Attendance: 866 (86.60%) -- Ticket Income $173,200
Game was played at the Rogers Place.
Total Attendance: 16397 (91.09%)
Total Ticket Income: $1,141,025
Other Income: $559,102
Total Income: $1,700,127



Team Name Goals Shots Shots Attemp Shots Blocked PIM HIT PP PK FO%
Calgary Flames 535691014202 / 7 (29%)254%
Edmonton Oilers 736631614272 / 7 (29%)246%

Calgary Flames
Player Name POS G A P +/- PIM HIT SHT SB MP PP MP PP SHT PK MP PK SHT FO% FOT GA TA
A.J. GreerLW000-121006:510:0000:3200% 000
Adam RuzickaC000-100107:550:0000:000100% 100
Andrew MangiapaneLW0110012018:003:0205:42027% 1100
Blake ColemanC101-2011021:470:0005:51029% 711
Chris TanevD1120003320:422:5504:5700% 000
Dennis GilbertD000-1210112:390:0005:0400% 000
Dillon DubeLW0110212018:243:0204:2200% 110
Elias LindholmC0220003020:517:1120:00059% 3200
Jonathan HuberdeauLW1120036020:517:1110:00067% 310
Jordan OesterleD000-100109:220:0002:2700% 001
MacKenzie WeegarD000-1230128:517:1803:3900% 000
Mikael BacklundC1010042117:263:0213:47073% 1501
Nazem KadriC000-101308:100:0000:04060% 500
Nikita ZadorovD0220430118:552:5403:2300% 010
Noah HanifinD000000002:120:0000:0000% 000
Rasmus AnderssonD000-1217228:037:1830:4800% 000
Walker DuehrRW000-100007:010:0000:0000% 000
Yegor SharangovichC1010004120:517:1120:0000% 100
Edmonton Oilers
Player Name POS G A P +/- PIM HIT SHT SB MP PP MP PP SHT PK MP PK SHT FO% FOT GA TA
Adam ErneLW0000021117:214:0200:1700% 100
Brad MaloneC000-100002:280:0001:54033% 300
Brett KulakD011020028:270:1100:0000% 000
Cody CeciD0223004221:124:1303:4610% 000
Connor McDavidC011-1053122:324:0207:04264% 1410
Darnell NurseD000-1435328:445:4514:5300% 002
Derek RyanC1123221011:570:0000:0000% 000
Evan BouchardD0113413019:454:1302:1100% 010
Leon DraisaitlC000-1012117:374:0210:47038% 2400
Mattias EkholmD011-1031331:125:5616:2700% 000
Mattias JanmarkC112-2231027:296:0715:06040% 1500
Philip BrobergD000000000:130:0000:1300% 000
Ryan McLeodC000000003:410:0000:0000% 000
Ryan Nugent-HopkinsC0554025020:416:0722:24167% 1500
Sam GagnerC1010001010:120:0000:0000% 000
Vincent DesharnaisD0001000310:580:0002:5500% 000
Warren FoegeleLW2023023011:570:0000:0000% 100
Zach HymanLW2130036022:066:0722:3900% 312

Calgary Flames

5 vs 5 Forward
Line #Left WingCenterRight WingPHYDFOFWanted %Time %Time Play
1Jonathan HuberdeauElias LindholmYegor Sharangovich1224037%14:29
2Dillon DubeMikael BacklundBlake Coleman1223026%10:12
3Andrew MangiapaneNazem KadriAdam Ruzicka1222020%7:55
4A.J. GreerBlake ColemanWalker Duehr1221016%6:09
5 vs 5 Defense
Line #DefenseDefensePHYDFOFWanted %Time %Time Play
1Rasmus AnderssonMacKenzie Weegar1224044%17:14
2Nikita ZadorovChris Tanev1223033%12:39
3Dennis GilbertJordan Oesterle1222017%6:40
4Noah HanifinRasmus Andersson122106%2:12
Power Play Forward
Line #Left WingCenterRight WingPHYDFOFWanted %Time %Time Play
1Jonathan HuberdeauElias LindholmYegor Sharangovich1226070%7:11
2Dillon DubeMikael BacklundAndrew Mangiapane1224030%3:02
Power Play Defense
Line #DefenseDefensePHYDFOFWanted %Time %Time Play
1Rasmus AnderssonMacKenzie Weegar1226071%7:18
2Nikita ZadorovChris Tanev1224029%2:55
Penalty Kill 4 Players Forward
Line #CenterWingPHYDFOFWanted %Time %Time Play
1Andrew MangiapaneBlake Coleman1226078%7:58
2Mikael BacklundDillon Dube1224022%2:11
Penalty Kill 4 Players Defense
Line #DefenseDefensePHYDFOFWanted %Time %Time Play
1Dennis GilbertMacKenzie Weegar1226048%4:50
2Nikita ZadorovChris Tanev1224052%5:19
Penalty Kill 3 Players
Line #WingPHYDFOFWanted %Time %Time PlayDefenseDefensePHYDFOFWanted %Time %Time Play
1Dillon Dube122600%0:00 Dennis GilbertMacKenzie Weegar122600%0:00
2Mikael Backlund122400%0:00 Nikita ZadorovChris Tanev122400%0:00
4 vs 4 Forward
Line #CenterWingPHYDFOFWanted %Time %Time Play
1Andrew MangiapaneWalker Duehr1226098%0:52
2Mikael BacklundDillon Dube122402%0:01
4 vs 4 Defense
Line #DefensePHYDFOFWanted %Time %Time Play
1Rasmus AnderssonMacKenzie Weegar1226077%60% - 0:41
2Nikita ZadorovChris Tanev1224023%40% - 0:12
Last Minutes Offensive
Left WingCenterRight WingDefenseDefense
Jonathan HuberdeauElias LindholmWalker DuehrRasmus AnderssonMacKenzie Weegar
Last Minutes Defensive
Left WingCenterRight WingDefenseDefense
Jonathan HuberdeauElias LindholmWalker DuehrRasmus AnderssonMacKenzie Weegar
Time
Total ForwardTotal DefenseLast Minutes OffensiveLast Minutes Defensive
60:00 60:00 0:000:00
Extra Forwards
Normal PowerPlayPenalty Kill
Dillon Dube, Andrew Mangiapane, Blake ColemanDillon Dube, Andrew MangiapaneDillon Dube
Extra Defensemen
Normal PowerPlayPenalty Kill
Dennis Gilbert, Jordan Oesterle, MacKenzie WeegarDennis Gilbert, Dennis GilbertJordan Oesterle
Penalty Shots
Elias Lindholm, Mikael Backlund, Jonathan Huberdeau, Nazem Kadri, Dillon Dube
Goalie
Jacob Markstrom, Dan Vladar
Custom OT Lines Forwards
Elias Lindholm, Mikael Backlund, Jonathan Huberdeau, Nazem Kadri, Dillon Dube, Andrew Mangiapane, Blake Coleman, Yegor Sharangovich, Walker Duehr, A.J. Greer
Custom OT Lines Defensemen
Jordan Oesterle, MacKenzie Weegar, Nikita Zadorov, Chris Tanev, Dennis Gilbert
Scratches
Nick DeSimone (Healthy), Dryden Hunt (Healthy), Kevin Rooney (Healthy)

Edmonton Oilers

5 vs 5 Forward
Line #Left WingCenterRight WingPHYDFOFWanted %Time %Time Play
1Zach HymanLeon DraisaitlMattias Janmark1224034%13:04
2Sam GagnerConnor McDavidAdam Erne1223028%10:58
3Warren FoegeleRyan Nugent-HopkinsDerek Ryan1222031%11:57
4Adam ErneMattias JanmarkRyan McLeod122107%2:46
5 vs 5 Defense
Line #DefenseDefensePHYDFOFWanted %Time %Time Play
1Darnell NurseMattias Ekholm1224043%16:46
2Evan BouchardCody Ceci1223034%13:01
3Brett KulakVincent Desharnais1222020%7:36
4Darnell NurseMattias Ekholm122104%1:22
Power Play Forward
Line #Left WingCenterRight WingPHYDFOFWanted %Time %Time Play
1Zach HymanRyan Nugent-HopkinsMattias Janmark1226060%6:07
2Leon DraisaitlConnor McDavidAdam Erne1224040%4:02
Power Play Defense
Line #DefenseDefensePHYDFOFWanted %Time %Time Play
1Darnell NurseMattias Ekholm1226058%5:56
2Evan BouchardCody Ceci1224042%4:13
Penalty Kill 4 Players Forward
Line #CenterWingPHYDFOFWanted %Time %Time Play
1Mattias JanmarkConnor McDavid1226076%7:34
2Ryan Nugent-HopkinsZach Hyman1224024%2:24
Penalty Kill 4 Players Defense
Line #DefenseDefensePHYDFOFWanted %Time %Time Play
1Darnell NurseMattias Ekholm1226062%6:12
2Evan BouchardCody Ceci1224038%3:46
Penalty Kill 3 Players
Line #WingPHYDFOFWanted %Time %Time PlayDefenseDefensePHYDFOFWanted %Time %Time Play
1Zach Hyman12260100%0:15 Darnell NurseMattias Ekholm12260100%0:15
2Connor McDavid122400%0:00 Evan BouchardCody Ceci122400%0:00
4 vs 4 Forward
Line #CenterWingPHYDFOFWanted %Time %Time Play
1Mattias JanmarkConnor McDavid1226077%0:41
2Ryan Nugent-HopkinsZach Hyman1224023%0:12
4 vs 4 Defense
Line #DefensePHYDFOFWanted %Time %Time Play
1Darnell NurseMattias Ekholm1226077%60% - 0:41
2Evan BouchardCody Ceci1224023%40% - 0:12
Last Minutes Offensive
Left WingCenterRight WingDefenseDefense
Zach HymanLeon DraisaitlMattias JanmarkDarnell NurseMattias Ekholm
Last Minutes Defensive
Left WingCenterRight WingDefenseDefense
Zach HymanLeon DraisaitlMattias JanmarkDarnell NurseMattias Ekholm
Time
Total ForwardTotal DefenseLast Minutes OffensiveLast Minutes Defensive
60:00 60:00 0:000:00
Extra Forwards
Normal PowerPlayPenalty Kill
Ryan McLeod, Sam Gagner, Brad MaloneRyan McLeod, Sam GagnerBrad Malone
Extra Defensemen
Normal PowerPlayPenalty Kill
Brett Kulak, Vincent Desharnais, Evan BouchardBrett Kulak, Vincent DesharnaisEvan Bouchard
Penalty Shots
Leon Draisaitl, Connor McDavid, Ryan Nugent-Hopkins, Zach Hyman, Mattias Janmark
Goalie
Jack Campbell, Stuart Skinner
Custom OT Lines Forwards
Leon Draisaitl, Connor McDavid, Ryan Nugent-Hopkins, Zach Hyman, Sam Gagner, Warren Foegele, Mattias Janmark, Adam Erne, Derek Ryan, Ryan McLeod
Custom OT Lines Defensemen
Darnell Nurse, Mattias Ekholm, Evan Bouchard, Cody Ceci, Brett Kulak
Scratches
Evander Kane (Right Eye Injury)


Play-by-Play

1st period


0:01 of 1st period - Elias Lindholm wins face-off versus Leon Draisaitl in neutral zone.
0:58 of 1st period - Icing by MacKenzie Weegar.
0:59 of 1st period - Nazem Kadri wins face-off versus Leon Draisaitl in Calgary Flames zone.
0:59 of 1st period - Nazem Kadri is hit by Leon Draisaitl.
1:05 of 1st period - Wrist shot by Nazem Kadri.
1:05 of 1st period - Shot Misses the Net.
1:07 of 1st period - Snap shot by Adam Ruzicka.
1:07 of 1st period - Stopped by Jack Campbell without a rebound.
1:08 of 1st period - Blake Coleman wins face-off versus Leon Draisaitl in Edmonton Oilers zone.
1:17 of 1st period - Wrist shot by Leon Draisaitl.
1:17 of 1st period - Stopped by Jacob Markstrom without a rebound.
1:18 of 1st period - Mattias Janmark wins face-off versus Blake Coleman in Calgary Flames zone.
1:54 of 1st period - Icing by Jonathan Huberdeau.
1:55 of 1st period - Elias Lindholm wins face-off versus Connor McDavid in Calgary Flames zone.
2:22 of 1st period - Mikael Backlund is hit by Zach Hyman and loses puck.
3:18 of 1st period - Snap shot by Connor McDavid.
3:18 of 1st period - Stopped by Jacob Markstrom without a rebound.
3:19 of 1st period - Leon Draisaitl wins face-off versus Blake Coleman in Calgary Flames zone.
4:14 of 1st period - Off-side.
4:15 of 1st period - Elias Lindholm wins face-off versus Connor McDavid in neutral zone.
4:20 of 1st period - Slapshot by Jonathan Huberdeau.
4:20 of 1st period - Goal by Jonathan Huberdeau - Calgary Flames : 1 - Edmonton Oilers : 0.
4:21 of 1st period - Mikael Backlund wins face-off versus Leon Draisaitl in neutral zone.
4:26 of 1st period - Rasmus Andersson is hit by Darnell Nurse and loses puck.
5:12 of 1st period - Andrew Mangiapane is hit by Derek Ryan and loses puck.
5:51 of 1st period - Dennis Gilbert is hit by Adam Erne.
6:01 of 1st period - Ryan Nugent-Hopkins is hit by Nazem Kadri and loses puck.
6:38 of 1st period - Mattias Ekholm is hit by Jonathan Huberdeau.
7:54 of 1st period - Icing by Nikita Zadorov.
7:55 of 1st period - Elias Lindholm wins face-off versus Mattias Janmark in Calgary Flames zone.
7:55 of 1st period - Elias Lindholm is hit by Mattias Ekholm.
8:11 of 1st period - Snap shot by Warren Foegele.
8:11 of 1st period - Shot Misses the Net.
8:13 of 1st period - Slapshot by Darnell Nurse.
8:13 of 1st period - Stopped by Jacob Markstrom with a rebound.
8:15 of 1st period - Snap shot by Ryan Nugent-Hopkins.
8:15 of 1st period - Stopped by Jacob Markstrom with a rebound.
8:17 of 1st period - Snap shot by Mattias Ekholm.
8:17 of 1st period - Shot Blocked by Yegor Sharangovich.
8:19 of 1st period - Snap shot by Derek Ryan.
8:19 of 1st period - Goal by Derek Ryan - Calgary Flames : 1 - Edmonton Oilers : 1.
8:20 of 1st period - Mikael Backlund wins face-off versus Leon Draisaitl in neutral zone.
8:26 of 1st period - Wrist shot by Mikael Backlund.
8:26 of 1st period - Stopped by Jack Campbell without a rebound.
8:27 of 1st period - Mikael Backlund wins face-off versus Leon Draisaitl in Edmonton Oilers zone.
8:32 of 1st period - Snap shot by Dillon Dube.
8:32 of 1st period - Stopped by Jack Campbell without a rebound.
8:33 of 1st period - Mikael Backlund wins face-off versus Leon Draisaitl in Edmonton Oilers zone.
9:02 of 1st period - Wrist shot by Darnell Nurse.
9:02 of 1st period - Stopped by Jacob Markstrom without a rebound.
9:03 of 1st period - Connor McDavid wins face-off versus Elias Lindholm in Calgary Flames zone.
9:10 of 1st period - Wrist shot by Jonathan Huberdeau.
9:10 of 1st period - Stopped by Jack Campbell with a rebound.
9:12 of 1st period - Snap shot by Yegor Sharangovich.
9:12 of 1st period - Deflect By Jonathan Huberdeau.
9:12 of 1st period - Shot Misses the Net.
9:12 of 1st period - Puck is out of play.
9:13 of 1st period - Leon Draisaitl wins face-off versus Mikael Backlund in Edmonton Oilers zone.
13:09 of 1st period - Mikael Backlund is hit by Connor McDavid and loses puck.
14:22 of 1st period - Blake Coleman is hit by Mattias Janmark and loses puck.
14:32 of 1st period - Icing by Darnell Nurse.
14:33 of 1st period - Ryan Nugent-Hopkins wins face-off versus Nazem Kadri in Edmonton Oilers zone.
14:49 of 1st period - Wrist shot by Nazem Kadri.
14:49 of 1st period - Stopped by Jack Campbell with a rebound.
14:57 of 1st period - Wrist shot by Adam Erne.
14:57 of 1st period - Stopped by Jacob Markstrom without a rebound.
14:58 of 1st period - Elias Lindholm wins face-off versus Leon Draisaitl in Calgary Flames zone.
14:58 of 1st period - Elias Lindholm is hit by Zach Hyman.
15:24 of 1st period - MacKenzie Weegar is hit by Connor McDavid and loses puck.
15:47 of 1st period - Slapshot by Andrew Mangiapane.
15:47 of 1st period - Shot Misses the Net.
15:53 of 1st period - Rasmus Andersson is hit by Warren Foegele and loses puck.
16:06 of 1st period - Backhand shot by Zach Hyman.
16:06 of 1st period - Stopped by Jacob Markstrom with a rebound.
16:24 of 1st period - Snap shot by Jonathan Huberdeau.
16:24 of 1st period - Shot Blocked by Adam Erne.
16:26 of 1st period - Slapshot by MacKenzie Weegar.
16:26 of 1st period - Shot Blocked by Mattias Ekholm.
16:51 of 1st period - Wrist shot by Nazem Kadri.
16:51 of 1st period - Stopped by Jack Campbell without a rebound.
16:52 of 1st period - Elias Lindholm wins face-off versus Leon Draisaitl in Edmonton Oilers zone.
17:21 of 1st period - Backhand shot by Ryan Nugent-Hopkins.
17:21 of 1st period - Stopped by Jacob Markstrom without a rebound.
17:22 of 1st period - Mikael Backlund wins face-off versus Ryan Nugent-Hopkins in Calgary Flames zone.
17:45 of 1st period - Minor Penalty to Brett Kulak for Tripping.
17:46 of 1st period - Elias Lindholm wins face-off versus Mattias Janmark in Edmonton Oilers zone.
17:47 of 1st period - Wrist shot by Jonathan Huberdeau.
17:47 of 1st period - Shot Blocked by Connor McDavid.
17:49 of 1st period - Backhand shot by Rasmus Andersson.
17:49 of 1st period - Shot Blocked by Mattias Ekholm.
17:55 of 1st period - Slapshot by Jonathan Huberdeau.
17:55 of 1st period - Shot Misses the Net.
17:57 of 1st period - Snap shot by Yegor Sharangovich.
17:57 of 1st period - Goal by Yegor Sharangovich - Calgary Flames : 2 - Edmonton Oilers : 1.
17:58 of 1st period - Elias Lindholm wins face-off versus Leon Draisaitl in neutral zone.
18:07 of 1st period - Snap shot by Elias Lindholm.
18:07 of 1st period - Stopped by Jack Campbell with a rebound.
18:09 of 1st period - Slapshot by Rasmus Andersson.
18:09 of 1st period - Stopped by Jack Campbell without a rebound.
18:10 of 1st period - Elias Lindholm wins face-off versus Leon Draisaitl in Edmonton Oilers zone.
18:11 of 1st period - Snap shot by Jonathan Huberdeau.
18:11 of 1st period - Stopped by Jack Campbell with a rebound.
18:13 of 1st period - Backhand shot by Elias Lindholm.
18:13 of 1st period - Shot Misses the Net.
18:15 of 1st period - Slapshot by Yegor Sharangovich.
18:15 of 1st period - Stopped by Jack Campbell without a rebound.
18:16 of 1st period - Leon Draisaitl wins face-off versus Jonathan Huberdeau in Edmonton Oilers zone.
18:22 of 1st period - Off-side.
18:23 of 1st period - Leon Draisaitl wins face-off versus Blake Coleman in neutral zone.
18:50 of 1st period - Jonathan Huberdeau is hit by Adam Erne and loses puck.
19:25 of 1st period - Wrist shot by Nazem Kadri.
19:25 of 1st period - Shot Misses the Net.
19:35 of 1st period - Wrist shot by Mattias Janmark.
19:35 of 1st period - Shot Blocked by Chris Tanev.
19:41 of 1st period - Snap shot by Dillon Dube.
19:41 of 1st period - Stopped by Jack Campbell with a rebound.
19:43 of 1st period - Snap shot by Dillon Dube.
19:43 of 1st period - Shot Blocked by Cody Ceci.
Goals for this period are 2 for Calgary Flames vs 1 for Edmonton Oilers.
Shots for this period are 13 for Calgary Flames vs 9 for Edmonton Oilers.

2nd period


0:01 of 2nd period - Jonathan Huberdeau wins face-off versus Leon Draisaitl in neutral zone.
0:32 of 2nd period - Minor Penalty to Nikita Zadorov for Hooking.
0:33 of 2nd period - Ryan Nugent-Hopkins wins face-off versus Andrew Mangiapane in Calgary Flames zone.
1:05 of 2nd period - Icing by Connor McDavid.
1:06 of 2nd period - Connor McDavid wins face-off versus Andrew Mangiapane in Edmonton Oilers zone.
1:43 of 2nd period - Snap shot by Zach Hyman.
1:43 of 2nd period - Shot Blocked by Chris Tanev.
2:32 of 2nd period - Penalty to Nikita Zadorov is over, Nikita Zadorov is back on ice.
2:43 of 2nd period - Elias Lindholm is hit by Darnell Nurse and loses puck.
2:54 of 2nd period - Adam Erne is hit by A.J. Greer and loses puck.
2:59 of 2nd period - Slapshot by A.J. Greer.
2:59 of 2nd period - Shot Blocked by Brett Kulak.
3:09 of 2nd period - Nikita Zadorov is hit by Derek Ryan and loses puck.
3:17 of 2nd period - Icing by Adam Ruzicka.
3:18 of 2nd period - Connor McDavid wins face-off versus Nazem Kadri in Calgary Flames zone.
3:33 of 2nd period - Cody Ceci is hit by Nikita Zadorov and loses puck.
3:38 of 2nd period - Slapshot by Jonathan Huberdeau.
3:38 of 2nd period - Shot Blocked by Cody Ceci.
3:40 of 2nd period - Slapshot by Yegor Sharangovich.
3:40 of 2nd period - Stopped by Jack Campbell without a rebound.
3:41 of 2nd period - Connor McDavid wins face-off versus Mikael Backlund in Edmonton Oilers zone.
4:18 of 2nd period - Snap shot by Zach Hyman.
4:18 of 2nd period - Shot Misses the Net.
4:37 of 2nd period - Minor Penalty to Rasmus Andersson for Hooking.
4:38 of 2nd period - Ryan Nugent-Hopkins wins face-off versus Andrew Mangiapane in Calgary Flames zone.
4:51 of 2nd period - Nikita Zadorov is hit by Zach Hyman and loses puck.
5:06 of 2nd period - Snap shot by Leon Draisaitl.
5:06 of 2nd period - Stopped by Jacob Markstrom with a rebound.
6:37 of 2nd period - Penalty to Rasmus Andersson is over, Rasmus Andersson is back on ice.
6:42 of 2nd period - Nikita Zadorov is hit by Mattias Ekholm and loses puck.
7:19 of 2nd period - Snap shot by Nazem Kadri.
7:19 of 2nd period - Stopped by Jack Campbell without a rebound.
7:20 of 2nd period - Nazem Kadri wins face-off versus Warren Foegele in Edmonton Oilers zone.
7:38 of 2nd period - Nazem Kadri is hit by Warren Foegele and loses puck.
7:47 of 2nd period - Wrist shot by Warren Foegele.
7:47 of 2nd period - Shot Misses the Net.
7:49 of 2nd period - Slapshot by Warren Foegele.
7:49 of 2nd period - Goal by Warren Foegele - Calgary Flames : 2 - Edmonton Oilers : 2.
7:50 of 2nd period - Elias Lindholm wins face-off versus Leon Draisaitl in neutral zone.
7:55 of 2nd period - Slapshot by Rasmus Andersson.
7:55 of 2nd period - Stopped by Jack Campbell with a rebound.
8:17 of 2nd period - Darnell Nurse is hit by Mikael Backlund and loses puck.
8:24 of 2nd period - MacKenzie Weegar is hit by Evan Bouchard.
8:44 of 2nd period - Warren Foegele is hit by Andrew Mangiapane and loses puck.
8:55 of 2nd period - Minor Penalty to Derek Ryan for Slashing.
8:56 of 2nd period - Mattias Janmark wins face-off versus Elias Lindholm in Edmonton Oilers zone.
10:05 of 2nd period - Icing by Elias Lindholm.
10:06 of 2nd period - Elias Lindholm wins face-off versus Ryan Nugent-Hopkins in Calgary Flames zone.
10:49 of 2nd period - Evan Bouchard is hit by Jonathan Huberdeau and loses puck.
10:55 of 2nd period - Penalty to Derek Ryan is over, Derek Ryan is back on ice.
11:16 of 2nd period - Minor Penalty to A.J. Greer for Tripping.
11:17 of 2nd period - Ryan Nugent-Hopkins wins face-off versus Andrew Mangiapane in Calgary Flames zone.
11:46 of 2nd period - Slapshot by Ryan Nugent-Hopkins.
11:46 of 2nd period - Shot Blocked by Nikita Zadorov.
11:58 of 2nd period - Wrist shot by Ryan Nugent-Hopkins.
11:58 of 2nd period - Shot Misses the Net.
12:00 of 2nd period - Wrist shot by Mattias Janmark.
12:00 of 2nd period - Goal by Mattias Janmark - Calgary Flames : 2 - Edmonton Oilers : 3.
12:01 of 2nd period - Mikael Backlund wins face-off versus Adam Erne in neutral zone.
12:39 of 2nd period - Snap shot by Zach Hyman.
12:39 of 2nd period - Stopped by Jacob Markstrom without a rebound.
12:40 of 2nd period - Jonathan Huberdeau wins face-off versus Zach Hyman in Calgary Flames zone.
13:08 of 2nd period - Minor Penalty to Dillon Dube for Hooking.
13:09 of 2nd period - Ryan Nugent-Hopkins wins face-off versus Andrew Mangiapane in Calgary Flames zone.
13:10 of 2nd period - Snap shot by Zach Hyman.
13:10 of 2nd period - Stopped by Jacob Markstrom with a rebound.
13:12 of 2nd period - Snap shot by Ryan Nugent-Hopkins.
13:12 of 2nd period - Stopped by Jacob Markstrom with a rebound.
13:14 of 2nd period - Slapshot by Darnell Nurse.
13:14 of 2nd period - Stopped by Jacob Markstrom with a rebound.
13:16 of 2nd period - Wrist shot by Ryan Nugent-Hopkins.
13:16 of 2nd period - Shot Blocked by MacKenzie Weegar.
13:18 of 2nd period - Slapshot by Mattias Ekholm.
13:18 of 2nd period - Stopped by Jacob Markstrom without a rebound.
13:19 of 2nd period - Andrew Mangiapane wins face-off versus Zach Hyman in Calgary Flames zone.
13:36 of 2nd period - Wrist shot by Ryan Nugent-Hopkins.
13:36 of 2nd period - Stopped by Jacob Markstrom with a rebound.
13:38 of 2nd period - Slapshot by Zach Hyman.
13:38 of 2nd period - Shot Hit the Post.
13:40 of 2nd period - Wrist shot by Mattias Janmark.
13:40 of 2nd period - Shot Misses the Net.
13:46 of 2nd period - Slapshot by Zach Hyman.
13:46 of 2nd period - Goal by Zach Hyman - Calgary Flames : 2 - Edmonton Oilers : 4.
13:46 of 2nd period - Dan Vladar enters game.
13:47 of 2nd period - Mattias Janmark wins face-off versus Mikael Backlund in neutral zone.
14:10 of 2nd period - Minor Penalty to Darnell Nurse for Holding.
14:11 of 2nd period - Elias Lindholm wins face-off versus Mattias Janmark in Edmonton Oilers zone.
14:12 of 2nd period - Snap shot by Jonathan Huberdeau.
14:12 of 2nd period - Shot Blocked by Vincent Desharnais.
14:14 of 2nd period - Snap shot by Yegor Sharangovich.
14:14 of 2nd period - Stopped by Jack Campbell with a rebound.
14:16 of 2nd period - Snap shot by Elias Lindholm.
14:16 of 2nd period - Shot Misses the Net.
14:18 of 2nd period - Snap shot by Yegor Sharangovich.
14:18 of 2nd period - Shot Misses the Net.
14:20 of 2nd period - Slapshot by Rasmus Andersson.
14:20 of 2nd period - Deflect By Mattias Ekholm.
14:20 of 2nd period - Stopped by Jack Campbell without a rebound.
14:21 of 2nd period - Mattias Janmark wins face-off versus Yegor Sharangovich in Edmonton Oilers zone.
14:38 of 2nd period - Snap shot by Jonathan Huberdeau.
14:38 of 2nd period - Shot Misses the Net.
14:44 of 2nd period - Wrist shot by Elias Lindholm.
14:44 of 2nd period - Stopped by Jack Campbell with a rebound.
14:46 of 2nd period - Slapshot by Rasmus Andersson.
14:46 of 2nd period - Shot Blocked by Vincent Desharnais.
15:09 of 2nd period - Minor Penalty to Evan Bouchard for Slashing.
15:10 of 2nd period - Mikael Backlund wins face-off versus Zach Hyman in Edmonton Oilers zone.
15:22 of 2nd period - Slapshot by Mikael Backlund.
15:22 of 2nd period - Shot Blocked by Vincent Desharnais.
15:24 of 2nd period - Wrist shot by Mikael Backlund.
15:24 of 2nd period - Goal by Mikael Backlund - Calgary Flames : 3 - Edmonton Oilers : 4.
15:25 of 2nd period - Elias Lindholm wins face-off versus Mattias Janmark in neutral zone.
15:58 of 2nd period - Slapshot by Ryan Nugent-Hopkins.
15:58 of 2nd period - Shot Blocked by Mikael Backlund.
16:00 of 2nd period - Slapshot by Ryan Nugent-Hopkins.
16:00 of 2nd period - Stopped by Dan Vladar with a rebound.
16:02 of 2nd period - Slapshot by Cody Ceci.
16:02 of 2nd period - Stopped by Dan Vladar without a rebound.
16:03 of 2nd period - Elias Lindholm wins face-off versus Ryan Nugent-Hopkins in Calgary Flames zone.
16:10 of 2nd period - Cody Ceci is hit by Nikita Zadorov and loses puck.
17:09 of 2nd period - Penalty to Evan Bouchard is over, Evan Bouchard is back on ice.
17:17 of 2nd period - Backhand shot by Evan Bouchard.
17:17 of 2nd period - Stopped by Dan Vladar without a rebound.
17:18 of 2nd period - Blake Coleman wins face-off versus Ryan Nugent-Hopkins in Calgary Flames zone.
17:18 of 2nd period - Blake Coleman is hit by Ryan Nugent-Hopkins.
17:21 of 2nd period - Minor Penalty to Dennis Gilbert for Tripping.
17:22 of 2nd period - Ryan Nugent-Hopkins wins face-off versus Andrew Mangiapane in Calgary Flames zone.
17:48 of 2nd period - Adam Erne is hit by Mikael Backlund and loses puck.
18:42 of 2nd period - Mattias Ekholm is hit by Nikita Zadorov and loses puck.
18:57 of 2nd period - Mattias Ekholm is hit by Blake Coleman and loses puck.
19:21 of 2nd period - Penalty to Dennis Gilbert is over, Dennis Gilbert is back on ice.
19:26 of 2nd period - A.J. Greer is hit by Mattias Janmark and loses puck.
19:39 of 2nd period - Slapshot by Rasmus Andersson.
19:39 of 2nd period - Stopped by Jack Campbell with a rebound.
19:41 of 2nd period - Wrist shot by Elias Lindholm.
19:41 of 2nd period - Shot Misses the Net.
19:46 of 2nd period - Snap shot by Jonathan Huberdeau.
19:46 of 2nd period - Stopped by Jack Campbell with a rebound.
19:48 of 2nd period - Slapshot by Rasmus Andersson.
19:48 of 2nd period - Stopped by Jack Campbell without a rebound.
19:49 of 2nd period - Connor McDavid wins face-off versus Elias Lindholm in Edmonton Oilers zone.
Goals for this period are 1 for Calgary Flames vs 3 for Edmonton Oilers.
Shots for this period are 10 for Calgary Flames vs 13 for Edmonton Oilers.

3rd period


0:01 of 3rd period - Leon Draisaitl wins face-off versus Elias Lindholm in neutral zone.
0:26 of 3rd period - Darnell Nurse is hit by Mikael Backlund and loses puck.
0:35 of 3rd period - Slapshot by Evan Bouchard.
0:35 of 3rd period - Shot Misses the Net.
0:37 of 3rd period - Wrist shot by Adam Erne.
0:37 of 3rd period - Shot Misses the Net.
0:55 of 3rd period - Wrist shot by Andrew Mangiapane.
0:55 of 3rd period - Shot Misses the Net.
1:25 of 3rd period - Wrist shot by Evan Bouchard.
1:25 of 3rd period - Shot Blocked by Chris Tanev.
1:27 of 3rd period - Slapshot by Cody Ceci.
1:27 of 3rd period - Stopped by Dan Vladar with a rebound.
2:00 of 3rd period - Icing by Walker Duehr.
2:01 of 3rd period - Leon Draisaitl wins face-off versus Blake Coleman in Calgary Flames zone.
2:14 of 3rd period - Wrist shot by Zach Hyman.
2:14 of 3rd period - Shot Misses the Net.
2:22 of 3rd period - Wrist shot by Blake Coleman.
2:22 of 3rd period - Shot Blocked by Leon Draisaitl.
2:24 of 3rd period - Slapshot by Nikita Zadorov.
2:24 of 3rd period - Shot Misses the Net.
2:26 of 3rd period - Slapshot by Chris Tanev.
2:26 of 3rd period - Stopped by Jack Campbell with a rebound.
2:28 of 3rd period - Slapshot by Blake Coleman.
2:28 of 3rd period - Goal by Blake Coleman - Calgary Flames : 4 - Edmonton Oilers : 4.
2:29 of 3rd period - Leon Draisaitl wins face-off versus Elias Lindholm in neutral zone.
2:46 of 3rd period - Snap shot by Jonathan Huberdeau.
2:46 of 3rd period - Stopped by Jack Campbell with a rebound.
2:56 of 3rd period - Andrew Mangiapane is hit by Connor McDavid and loses puck.
3:23 of 3rd period - Minor Penalty to Darnell Nurse for Elbowing.
3:24 of 3rd period - Mattias Janmark wins face-off versus Elias Lindholm in Edmonton Oilers zone.
3:24 of 3rd period - Mattias Janmark is hit by Jonathan Huberdeau.
3:32 of 3rd period - Slapshot by Connor McDavid.
3:32 of 3rd period - Stopped by Dan Vladar without a rebound.
3:33 of 3rd period - Elias Lindholm wins face-off versus Connor McDavid in Calgary Flames zone.
3:38 of 3rd period - Slapshot by Jonathan Huberdeau.
3:38 of 3rd period - Stopped by Jack Campbell without a rebound.
3:39 of 3rd period - Elias Lindholm wins face-off versus Mattias Janmark in Edmonton Oilers zone.
4:29 of 3rd period - Minor Penalty to Nikita Zadorov for Interference.
4:30 of 3rd period - Andrew Mangiapane wins face-off versus Mattias Janmark in Calgary Flames zone.
4:37 of 3rd period - Andrew Mangiapane is hit by Connor McDavid and loses puck.
5:06 of 3rd period - Snap shot by Ryan Nugent-Hopkins.
5:06 of 3rd period - Shot Misses the Net.
5:08 of 3rd period - Snap shot by Zach Hyman.
5:08 of 3rd period - Stopped by Dan Vladar with a rebound.
5:10 of 3rd period - Slapshot by Cody Ceci.
5:10 of 3rd period - Stopped by Dan Vladar without a rebound.
5:11 of 3rd period - Andrew Mangiapane wins face-off versus Mattias Janmark in Calgary Flames zone.
5:23 of 3rd period - Penalty to Darnell Nurse is over, Darnell Nurse is back on ice.
6:18 of 3rd period - Icing by Mattias Janmark.
6:19 of 3rd period - Ryan Nugent-Hopkins wins face-off versus Andrew Mangiapane in Edmonton Oilers zone.
6:29 of 3rd period - Penalty to Nikita Zadorov is over, Nikita Zadorov is back on ice.
6:36 of 3rd period - Snap shot by Dillon Dube.
6:36 of 3rd period - Shot Blocked by Darnell Nurse.
6:38 of 3rd period - Slapshot by Andrew Mangiapane.
6:38 of 3rd period - Stopped by Jack Campbell with a rebound.
6:40 of 3rd period - Slapshot by Dillon Dube.
6:40 of 3rd period - Shot Misses the Net.
6:42 of 3rd period - Wrist shot by Chris Tanev.
6:42 of 3rd period - Stopped by Jack Campbell without a rebound.
6:43 of 3rd period - Ryan Nugent-Hopkins wins face-off versus Elias Lindholm in Edmonton Oilers zone.
6:43 of 3rd period - Ryan Nugent-Hopkins is hit by MacKenzie Weegar.
6:50 of 3rd period - Evan Bouchard is hit by Rasmus Andersson and loses puck.
6:53 of 3rd period - Snap shot by Evan Bouchard.
6:53 of 3rd period - Stopped by Dan Vladar with a rebound.
6:55 of 3rd period - Snap shot by Warren Foegele.
6:55 of 3rd period - Shot Misses the Net.
6:57 of 3rd period - Slapshot by Cody Ceci.
6:57 of 3rd period - Shot Blocked by Rasmus Andersson.
6:59 of 3rd period - Wrist shot by Ryan Nugent-Hopkins.
6:59 of 3rd period - Deflect By Warren Foegele.
6:59 of 3rd period - Shot Misses the Net.
6:59 of 3rd period - Puck is out of play.
7:00 of 3rd period - Mikael Backlund wins face-off versus Connor McDavid in Calgary Flames zone.
7:17 of 3rd period - Mattias Ekholm is hit by Dillon Dube and loses puck.
7:52 of 3rd period - Off-side.
7:53 of 3rd period - Connor McDavid wins face-off versus Mikael Backlund in neutral zone.
7:57 of 3rd period - Minor Penalty to Evan Bouchard for Slashing.
7:58 of 3rd period - Mattias Janmark wins face-off versus Elias Lindholm in Edmonton Oilers zone.
8:13 of 3rd period - Wrist shot by Jonathan Huberdeau.
8:13 of 3rd period - Shot Blocked by Darnell Nurse.
8:35 of 3rd period - Snap shot by Rasmus Andersson.
8:35 of 3rd period - Stopped by Jack Campbell with a rebound.
8:37 of 3rd period - Snap shot by Mikael Backlund.
8:37 of 3rd period - Shot Misses the Net.
9:25 of 3rd period - Backhand shot by Ryan Nugent-Hopkins.
9:25 of 3rd period - Shot Misses the Net.
9:57 of 3rd period - Penalty to Evan Bouchard is over, Evan Bouchard is back on ice.
10:23 of 3rd period - Slapshot by Zach Hyman.
10:23 of 3rd period - Goal by Zach Hyman - Calgary Flames : 4 - Edmonton Oilers : 5.
10:24 of 3rd period - Connor McDavid wins face-off versus Elias Lindholm in neutral zone.
11:00 of 3rd period - Snap shot by Mattias Janmark.
11:00 of 3rd period - Shot Misses the Net.
11:02 of 3rd period - Wrist shot by Zach Hyman.
11:02 of 3rd period - Shot Blocked by Dennis Gilbert.
11:21 of 3rd period - Snap shot by Nazem Kadri.
11:21 of 3rd period - Shot Misses the Net.
11:23 of 3rd period - Slapshot by Jordan Oesterle.
11:23 of 3rd period - Stopped by Jack Campbell without a rebound.
11:24 of 3rd period - Elias Lindholm wins face-off versus Leon Draisaitl in Edmonton Oilers zone.
11:55 of 3rd period - Blake Coleman is hit by Connor McDavid and loses puck.
12:00 of 3rd period - Snap shot by Connor McDavid.
12:00 of 3rd period - Deflect By Adam Erne.
12:00 of 3rd period - Shot Misses the Net.
12:00 of 3rd period - Puck is out of play.
12:01 of 3rd period - Mikael Backlund wins face-off versus Connor McDavid in Calgary Flames zone.
12:06 of 3rd period - Darnell Nurse is hit by Mikael Backlund.
12:17 of 3rd period - Mikael Backlund is hit by Darnell Nurse and loses puck.
12:54 of 3rd period - Slapshot by Andrew Mangiapane.
12:54 of 3rd period - Shot Blocked by Brett Kulak.
12:56 of 3rd period - Snap shot by Adam Ruzicka.
12:56 of 3rd period - Shot Misses the Net.
13:02 of 3rd period - Slapshot by Andrew Mangiapane.
13:02 of 3rd period - Stopped by Jack Campbell with a rebound.
13:09 of 3rd period - Icing by Brett Kulak.
13:10 of 3rd period - Connor McDavid wins face-off versus Blake Coleman in Edmonton Oilers zone.
13:10 of 3rd period - Connor McDavid is hit by MacKenzie Weegar.
13:37 of 3rd period - Snap shot by Sam Gagner.
13:37 of 3rd period - Goal by Sam Gagner - Calgary Flames : 4 - Edmonton Oilers : 6.
13:38 of 3rd period - Leon Draisaitl wins face-off versus Elias Lindholm in neutral zone.
13:45 of 3rd period - Snap shot by Zach Hyman.
13:45 of 3rd period - Shot Blocked by Rasmus Andersson.
14:10 of 3rd period - Backhand shot by Connor McDavid.
14:10 of 3rd period - Shot Misses the Net.
14:12 of 3rd period - Snap shot by Darnell Nurse.
14:12 of 3rd period - Stopped by Dan Vladar without a rebound.
14:13 of 3rd period - Mikael Backlund wins face-off versus Leon Draisaitl in Calgary Flames zone.
14:13 of 3rd period - Mikael Backlund is hit by Mattias Janmark.
14:26 of 3rd period - Minor Penalty to Mattias Janmark for Holding.
14:27 of 3rd period - Brad Malone wins face-off versus Elias Lindholm in Edmonton Oilers zone.
14:43 of 3rd period - Wrist shot by Rasmus Andersson.
14:43 of 3rd period - Stopped by Jack Campbell without a rebound.
14:44 of 3rd period - Elias Lindholm wins face-off versus Brad Malone in Edmonton Oilers zone.
14:47 of 3rd period - Snap shot by Jonathan Huberdeau.
14:47 of 3rd period - Shot Blocked by Darnell Nurse.
14:54 of 3rd period - Icing by Yegor Sharangovich.
14:55 of 3rd period - Elias Lindholm wins face-off versus Brad Malone in Calgary Flames zone.
15:00 of 3rd period - Slapshot by Rasmus Andersson.
15:00 of 3rd period - Shot Blocked by Mattias Ekholm.
15:19 of 3rd period - Icing by Jonathan Huberdeau.
15:20 of 3rd period - Leon Draisaitl wins face-off versus Elias Lindholm in Calgary Flames zone.
15:45 of 3rd period - Elias Lindholm is hit by Mattias Ekholm and loses puck.
15:52 of 3rd period - Snap shot by Connor McDavid.
15:52 of 3rd period - Stopped by Dan Vladar with a rebound.
16:24 of 3rd period - Wrist shot by Elias Lindholm.
16:24 of 3rd period - Stopped by Jack Campbell without a rebound.
16:25 of 3rd period - Connor McDavid wins face-off versus Dillon Dube in Edmonton Oilers zone.
16:26 of 3rd period - Penalty to Mattias Janmark is over, Mattias Janmark is back on ice.
16:34 of 3rd period - Slapshot by Andrew Mangiapane.
16:34 of 3rd period - Shot Misses the Net.
16:36 of 3rd period - Snap shot by Dillon Dube.
16:36 of 3rd period - Shot Misses the Net.
16:38 of 3rd period - Slapshot by Chris Tanev.
16:38 of 3rd period - Goal by Chris Tanev - Calgary Flames : 5 - Edmonton Oilers : 6.
16:39 of 3rd period - Nazem Kadri wins face-off versus Mattias Janmark in neutral zone.
17:08 of 3rd period - Slapshot by Mattias Ekholm.
17:08 of 3rd period - Shot Misses the Net.
17:10 of 3rd period - Slapshot by Darnell Nurse.
17:10 of 3rd period - Stopped by Dan Vladar without a rebound.
17:11 of 3rd period - Mikael Backlund wins face-off versus Ryan Nugent-Hopkins in Calgary Flames zone.
17:20 of 3rd period - Slapshot by Evan Bouchard.
17:20 of 3rd period - Stopped by Dan Vladar with a rebound.
17:22 of 3rd period - Wrist shot by Warren Foegele.
17:22 of 3rd period - Stopped by Dan Vladar with a rebound.
17:24 of 3rd period - Slapshot by Cody Ceci.
17:24 of 3rd period - Stopped by Dan Vladar with a rebound.
17:26 of 3rd period - Snap shot by Warren Foegele.
17:26 of 3rd period - Goal by Warren Foegele - Calgary Flames : 5 - Edmonton Oilers : 7.
17:27 of 3rd period - Adam Ruzicka wins face-off versus Mattias Janmark in neutral zone.
17:30 of 3rd period - Adam Erne is hit by MacKenzie Weegar.
17:51 of 3rd period - Icing by Nazem Kadri.
17:52 of 3rd period - Ryan Nugent-Hopkins wins face-off versus Elias Lindholm in Calgary Flames zone.
18:15 of 3rd period - Minor Penalty to MacKenzie Weegar for Tripping.
18:16 of 3rd period - Ryan Nugent-Hopkins wins face-off versus Andrew Mangiapane in Calgary Flames zone.
18:45 of 3rd period - Leon Draisaitl is hit by Dennis Gilbert.
19:17 of 3rd period - Blake Coleman is hit by Ryan Nugent-Hopkins and loses puck.
Goals for this period are 2 for Calgary Flames vs 3 for Edmonton Oilers.
Shots for this period are 12 for Calgary Flames vs 14 for Edmonton Oilers.